 Dungeon Crawl Stone Soup version 0.21.1-1-g345015f (webtiles) character file.

1299 nicolaieve the Basher (level 8, -3/66 HPs)
             Began as a Minotaur Berserker on July 25, 2018.
             Was an Elder of Trog.
             Slain by an orc warrior
             ... wielding a +0 hand axe
              (5 damage)
             ... on level 7 of the Dungeon.
             The game lasted 00:18:42 (4320 turns).

nicolaieve the Basher (Minotaur Berserker)          Turns: 4320, Time: 00:18:43

Health: -3/66      AC: 12    Str: 23    XL:     8   Next: 31%
Magic:  7/7        EV:  7    Int:  4    God:    Trog [****..]
Gold:   345        SH:  0    Dex: 11    Spells: 7/7 levels left

rFire    x . .     SeeInvis .   w - +3 whip (flame)
rCold    + . .     Gourm    .   (no shield)
rNeg     . . .     Faith    .   k - +0 plate armour
rPois    .         Spirit   .   (helmet restricted)
rElec    .         Reflect  .   u - +0 cloak
rCorr    .         Harm     .   (no gloves)
MR       .....                  (no boots)
Stlth    ..........             (no amulet)
HPRegen  0.21/turn              s - ring of ice
MPRegen  0.10/turn              (no ring)

@: no status effects
A: retaliatory headbutt, horns 2
a: Berserk, Trog's Hand, Brothers in Arms, Burn Spellbooks, Renounce Religion


You were on level 7 of the Dungeon.
You worshipped Trog.
Trog was greatly pleased with you.
You were not hungry.

You visited 1 branch of the dungeon, and saw 7 of its levels.

You collected 345 gold pieces.

Inventory:

Hand Weapons
 t - a +2 dire flail of protection
 w - a +3 whip of flaming (weapon)
Armour
 k - a +0 plate armour (worn)
 u - a +0 cloak (worn)
Jewellery
 s - a ring of ice (left hand)
 y - a +1 ring of protection {unknown}
 A - a +3 ring of dexterity {unknown}
Wands
 q - a wand of enslavement (12)
 B - a wand of digging (12)
 C - a wand of acid (12)
Scrolls
 d - 10 scrolls of identify
 e - 2 scrolls of enchant weapon
 g - a scroll of noise {unknown}
 h - a scroll of fear
 i - 3 scrolls of teleportation
 l - a scroll of remove curse
 n - 2 scrolls of amnesia {unknown}
 o - a scroll of immolation {unknown}
 r - a scroll of random uselessness {unknown}
 D - a scroll of blinking {unknown}
Potions
 a - a potion of might
 b - 3 potions of ambrosia
 f - a potion of invisibility {unknown}
 j - 3 potions of flight {unknown}
 m - 3 potions of curing {unknown}
 v - a potion of berserk rage {unknown}
 x - a potion of agility {unknown}
 z - a potion of heal wounds {unknown}
Comestibles
 c - 17 rations
 p - a chunk of flesh


   Skills:
 + Level 4.1 Fighting
 * Level 11.9 Maces & Flails
 + Level 3.2 Armour
 + Level 2.5 Dodging


You had 7 spell levels left.
You didn't know any spells.

Dungeon Overview and Level Annotations

Branches:
Dungeon (7/15)             Temple (0/1) D:4

Altars:
Dithmenos
Hepliaklqana
Qazlal
Zin

Shops:
D:5 %

Annotations:
D:7 Pikel


Innate Abilities, Weirdness & Mutations

You reflexively headbutt those who attack you in melee.
You have a pair of horns on your head.


Message History

The orc warrior is moderately wounded.
The orc priest hits you but does no damage.
The orc hits you but does no damage.
The orc warrior hits you with a hand axe.
A slave comes into view.
You closely miss the orc priest.
The slave shouts!
Pikel says, "Slavery isn't that bad."
Pikel zaps a wand.
The bolt of acid hits you!
You are splashed with acid!
The acid burns!
It is a wand of acid (6).
The orc hits you but does no damage.
You hit the orc priest. You burn the orc priest.
The orc priest is moderately wounded.
The orc priest hits you but does no damage.
The orc warrior hits you with a hand axe!
Pikel zaps a wand.
The bolt of acid hits you!
* * * LOW HITPOINT WARNING * * *
You are splashed with acid!
The acid burns!
* * * LOW HITPOINT WARNING * * *
The orc warrior hits you with a hand axe.
You die...

. .# #.##. .#
###..#. .##
.?..K#. ..
....... .######
....#.p##.##...#
...p...po.##...#
#.....#o# #...#
#....po@# #...#
...$..#..# #...#
..... #..# #...#
...# ##.###...#
.. #<.##...## .
#........#
#####........#
#............#
#...(........#


You could see Pikel, an orc warrior, 4 slaves, an orc priest and an orc.

Vanquished Creatures
  Edmund (D:5)
  Duvessa (D:4)
  A sky beast (D:5)
  An ogre (D:4)
  A centaur (D:7)
  Dowan (D:4)
  A wyvern zombie (D:6)
  A howler monkey (D:4)
  A crimson imp (D:6)
  2 hounds
  3 orc wizards
  An orc priest (D:3)
  Crazy Yiuf (D:5)
  A jelly (D:6)
  Ijyb (D:4)
  An iguana (D:5)
  3 worker ants
  Robin (D:4)
  3 gnolls (D:3)
  7 adders
  2 oozes
  3 worms
  4 dart slugs
  7 leopard geckos
  18 orcs
  11 bats
  A giant cockroach (D:3)
  12 hobgoblins
  9 jackals
  7 kobolds
  4 quokkas
  2 ball pythons (D:2)
  3 frilled lizards
  17 goblins
  A jackal skeleton (D:7)
  A leopard gecko skeleton (D:5)
  A leopard gecko zombie (D:5)
  7 rats
143 creatures vanquished.

Notes
Turn   | Place    | Note
-------+----------+-------------------------------------------
     0 | D:1      | nicolaieve the Minotaur Berserker began the quest for the Orb.
     0 | D:1      | Reached XP level 1. HP: 19/19 MP: 0/0
    31 | D:1      | Reached skill level 4 in Maces & Flails
    85 | D:1      | Reached XP level 2. HP: 20/26 MP: 1/1
   320 | D:1      | Reached skill level 5 in Maces & Flails
   360 | D:1      | Reached XP level 3. HP: 29/31 MP: 2/2
   585 | D:2      | Reached ** piety under Trog
   870 | D:2      | Reached XP level 4. HP: 34/39 MP: 3/3
   941 | D:2      | Reached skill level 6 in Maces & Flails
  1524 | D:3      | Reached *** piety under Trog
  1524 | D:3      | Reached skill level 7 in Maces & Flails
  1524 | D:3      | Reached XP level 5. HP: 36/45 MP: 4/4
  2117 | D:4      | Noticed Duvessa
  2118 | D:4      | Noticed an ogre
  2119 | D:4      | Noticed Dowan
  2124 | D:4      | Killed an ogre
  2124 | D:4      | Reached skill level 8 in Maces & Flails
  2124 | D:4      | Reached XP level 6. HP: 51/51 MP: 5/5
  2130 | D:4      | Killed Duvessa
  2130 | D:4      | Reached skill level 9 in Maces & Flails
  2153 | D:4      | Killed Dowan
  2278 | D:4      | Reached XP level 7. HP: 54/57 MP: 6/6
  2294 | D:4      | Noticed Ijyb
  2306 | D:4      | Killed Ijyb
  2309 | D:4      | Reached skill level 10 in Maces & Flails
  2490 | D:4      | Noticed Robin
  2522 | D:4      | Killed Robin
  2873 | D:4      | Found a staircase to the Ecumenical Temple.
  2944 | D:5      | Entered Level 5 of the Dungeon
  3056 | D:5      | Found a hazy altar of Hepliaklqana.
  3066 | D:5      | Noticed Edmund
  3091 | D:5      | Killed Edmund
  3093 | D:5      | Reached skill level 11 in Maces & Flails
  3101 | D:5      | Reached **** piety under Trog
  3157 | D:5      | Found a stormy altar of Qazlal.
  3199 | D:5      | Found a glowing silver altar of Zin.
  3285 | D:5      | Found Buiro Ruc's Food Shop.
  3330 | D:5      | Found a runed door.
  3334 | D:5      | Noticed Crazy Yiuf
  3340 | D:5      | Killed Crazy Yiuf
  3407 | D:5      | Reached XP level 8. HP: 66/66 MP: 7/7
  3810 | D:6      | Found a shadowy altar of Dithmenos.
  4313 | D:7      | Noticed Pikel
  4320 | D:7      | HP: 2/66 [acid (12)]
  4320 | D:7      | Slain by an orc warrior

Skill      XL: |  1  2  3  4  5  6  7  8 |
---------------+-------------------------+-----
Maces & Flails | 4 5 7 8 9 11 | 11.9
Armour         | 3 |  3.2
Fighting       | 4 |  4.1
Dodging        | |  2.5

Action                   |  1- 3 |  4- 6 |  7- 9 || total
-------------------------+-------+-------+-------++-------
Melee: Mace              |    92 |    58 |    29 ||   179
       Headbutt          |    18 |    23 |    38 ||    79
       Whip              |       |    82 |   139 ||   221
Invok: Berserk           |       |     1 |     3 ||     4
       Trog's Hand       |       |     1 |       ||     1
  Use: Scroll            |       |       |     6 ||     6
  Eat: Chunk             |       |     6 |     9 ||    15
Armor: Animal skin       |    15 |       |       ||    15
       Plate armour      |    24 |    83 |    65 ||   172
Dodge: Dodged            |    61 |    58 |    47 ||   166
